 Dungeon Crawl Stone Soup version 0.19.0 (webtiles) character file.

829 CanadianGator the Covered (level 7, 0/67 HPs)
             Began as a Gargoyle Fighter on Nov 17, 2016.
             Was a Believer of Qazlal.
             Slain by an orc (1 damage)
             ... on level 5 of the Dungeon.
             The game lasted 00:15:35 (3333 turns).

CanadianGator the Covered (Gargoyle Fighter)        Turns: 3333, Time: 00:15:35

Health: 0/67       AC: 23    Str: 17 (20) XL:     7   Next: 97%
Magic:  7/7        EV:  2    Int:  8 (9)  God:    Qazlal [**....]
Gold:   238        SH: 12    Dex:  9 (10) Spells: 0 memorised, 6 levels left

rFire  . . .     SeeInvis .     i - +0 mace
rCold  . . .     Gourm    .     (armour currently unavailable)
rNeg   + + +     Faith    .     c - +0 shield
rPois  ∞         Spirit   .     (helmet currently unavailable)
rElec  .         Reflect  .     (cloak currently unavailable)
rCorr  .         Harm     .     (gloves currently unavailable)
MR     .....     NoTele   +     (boots currently unavailable)
Stlth  +.........               (no amulet)
                                (no ring)
                                (no ring)

@: tree-form (expiring), very slightly contaminated
A: negative energy resistance 1, (electricity resistance), (unbreathing),
petrification resistance, rot immunity, AC +4
a: Upheaval, Renounce Religion


You were on level 5 of the Dungeon.
You worshipped Qazlal.
Qazlal was pleased with you.
You were not hungry.
You were a tree.
You visited 1 branch of the dungeon, and saw 5 of its levels.

You collected 238 gold pieces.

Inventory:

Hand Weapons
 a - a +0 flail
 i - a +0 mace (weapon)
Armour
 c - a +0 shield (worn)
 j - a +0 cloak (melded)
 q - a +0 plate armour (melded)
Wands
 t - a wand of digging (9/24)
Scrolls
 m - 3 scrolls of remove curse
 n - 3 scrolls of noise
Potions
 e - a potion of magic
 k - a potion of brilliance
Books
 o - a book of Misfortune

   Spells                             Type                      Level
   a - Confusing Touch                Hexes                        1
   b - Confuse                        Hexes                        3
   c - Gell's Gravitas                Hexes/Translocation          3
   d - Petrify                        Transmutation/Earth          4
   e - Metabolic Englaciation         Hexes/Ice                    5
   f - Yara's Violent Unravelling     Hexes/Transmutation          5
 u - a book of Cantrips

   Spells                             Type                      Level
   a - Confusing Touch                Hexes                        1
   b - Animate Skeleton               Necromancy                   1
   c - Summon Small Mammal            Summoning                    1
   d - Apportation                    Translocation                1
Comestibles
 f - 3 bread rations
 r - 3 fruits
 v - a meat ration


   Skills:
 * Level 5.9 Fighting
 + Level 3.8 Maces & Flails
 * Level 6.0 Armour
 - Level 0.1 Dodging
 - Level 0.2 Stealth
 * Level 6.0 Shields


You had 6 spell levels left.
You didn't know any spells.

Dungeon Overview and Level Annotations

Branches:
Dungeon (5/15)             Temple (0/1) D:4

Altars:
Qazlal
Ru


Innate Abilities, Weirdness & Mutations

You are resistant to torment.
((Your stone body is resilient. (AC +4)))
You are immune to poison.
You resist negative energy. (rN+)
((You are resistant to electric shocks. (rElec)))
((You can survive without breathing.))
You are immune to petrification.
You are immune to rotting.


Message History

Something hits you but does no damage.
The bullfrog zombie hits you but does no damage.
You block the giant cockroach's attack.
The orc wizard gestures at you while chanting.
The puff of frost hits you! You block the orc's attack.
Something hits you but does no damage.
You closely miss something. You block the bullfrog zombie's attack.
The orc wizard looks braver for a moment.
The bullfrog zombie completely misses you.
You block the giant cockroach's attack. The orc hits you but does no damage.
You block something's attack.
The orc wizard points at you and mumbles some strange words.
Helpless, you fail to dodge the puff of flame.
* * * LOW HITPOINT WARNING * * *
Your shield prevents you from hitting something.
Your transformation is almost over.
The bullfrog zombie hits you but does no damage.
You block the giant cockroach's attack. You block the orc wizard's attack.
The orc hits you.
You die...

#......$#.....+
#.......#.....#
#.......#.....#
#.......#.....#
#.......#...)(#
#.......#...((# ###
#.$.....#...(.#...#
#.....so#.(...#...#
......Z♣o.....'...#
#.....l{#.....#(..#
#.......#.....#..(#
#.......#.....# ..#
#.......#.....#####
+.......+.....#...#
#.......#.....'...#
#########.....#...#
#.....#...#


You could see an orc wizard, an orc, a bullfrog zombie, a leopard gecko and a
giant cockroach.

Vanquished Creatures
  The ghost of Neverdly the Slasher, an amateur TrFi of Makhleb (D:3)
  2 centaurs (D:5)
  2 crimson imps
  A hound (D:3)
  3 orc wizards
  A worker ant (D:4)
  4 gnolls (D:4)
  6 adders
  4 oozes
  A worm (D:2)
  6 dart slugs
  2 leopard geckos (D:3)
  9 orcs
  3 ball pythons
  7 giant cockroaches
  5 goblins
  12 hobgoblins
  3 jackals (D:3)
  4 quokkas
  10 bats
  8 frilled lizards
  3 kobolds (D:1)
  9 rats
106 creatures vanquished.

Vanquished Creatures (others)
  A goblin (D:2)
1 creature vanquished.

Grand Total: 107 creatures vanquished

Notes
Turn   | Place    | Note
-------+----------+-------------------------------------------
     0 | D:1      | CanadianGator the Gargoyle Fighter began the quest for the Orb.
     0 | D:1      | Reached XP level 1. HP: 14/14 MP: 1/1
   128 | D:1      | Reached XP level 2. HP: 19/19 MP: 2/2
   271 | D:1      | Reached XP level 3. HP: 21/24 MP: 3/3
   658 | D:2      | Reached XP level 4. HP: 24/29 MP: 4/4
  1176 | D:2      | Found a stormy altar of Qazlal.
  1183 | D:2      | Became a worshipper of Qazlal Stormbringer
  1246 | D:3      | Reached XP level 5. HP: 31/33 MP: 5/5
  1294 | D:3      | Noticed Neverdly's ghost (amateur TrFi)
  1324 | D:3      | Killed Neverdly's ghost
  1324 | D:3      | Reached skill level 5 in Fighting
  1324 | D:3      | Reached skill level 5 in Armour
  1324 | D:3      | Reached skill level 5 in Shields
  1324 | D:3      | Reached XP level 6. HP: 2/40 MP: 6/6
  1868 | D:3      | Reached * piety under Qazlal
  2108 | D:3      | Reached XP level 7. HP: 44/44 MP: 7/7
  2492 | D:4      | Found a sacrificial altar of Ru.
  2600 | D:4      | Reached ** piety under Qazlal
  2835 | D:4      | Found a staircase to the Ecumenical Temple.
  3229 | D:5      | Entered Level 5 of the Dungeon
  3329 | D:5      | HP: 1/67 [centaur (3)]
  3333 | D:5      | Slain by an orc

Skill      XL: |  1  2  3  4  5  6  7 |
---------------+----------------------+-----
Armour         | 4 5 6 |  6.0
Shields        | 4 5 6 |  6.0
Fighting       | 4 5 |  5.9
Maces & Flails | 3 |  3.8
Dodging        | |  0.1
Stealth        | |  0.2

Action                   |  1- 3 |  4- 6 |  7- 9 || total
-------------------------+-------+-------+-------++-------
Melee: Flail             |    18 |       |       ||    18
       Mace              |   126 |   250 |   162 ||   538
  Use: Potion            |       |     1 |     3 ||     4
       Scroll            |       |       |     9 ||     9
  Eat: Chunk             |       |     5 |       ||     5
       Bread ration      |       |       |     1 ||     1
Armor: Scale mail        |   118 |   208 |       ||   326
       Plate armour      |       |     6 |   238 ||   244
       Skin              |       |       |    92 ||    92
Dodge: Dodged            |    61 |   134 |    50 ||   245
Block: Shield            |    93 |   239 |   241 ||   573
